 Dungeon Crawl Stone Soup version 0.30-a0-723-gc1506a1cf0 (webtiles) character file.

Game seed: 11734017136031771912

3761 Newt the Skirmisher (level 10, -6/57 HPs)
             Began as a Kobold Hunter on Jan 28, 2023.
             Was a Follower of Hepliaklqana.
             Mangled by a wolf (9 damage)
             ... on level 8 of the Dungeon.
             The game lasted 00:07:50 (8461 turns).

Newt the Skirmisher (Kobold Hunter)                 Turns: 8461, Time: 00:07:51

Health: -6/57      AC: 10    Str:  9    XL:     10   Next: 38%
Magic:  10/10      EV: 25    Int: 10    God:    Hepliaklqana [*.....]
Gold:   446        SH:  0    Dex: 31    Spells: 9/9 levels left

rFire   . . .      SeeInvis .    n - +4 sling (elec)
rCold   . . .      Faith    .    (no shield)
rNeg    . . .      Spirit   .    E - +0 steam dragon scales
rPois   .          Reflect  .    k - +2 helmet
rElec   .          Harm     .    f - +1 cloak
rCorr   .          Rampage  .    (no gloves)
Will    +....                    (no boots)
Stlth   +++++                    (no amulet)
HPRegen 0.29/turn                q - ring of willpower
MPRegen 0.12/turn                y - +6 ring of dexterity

@: about to teleport
A: reduced essence, small, no large weapons, nightstalker 3, thin skeletal
structure 1, wild magic 2
a: Renounce Religion, Recall Ancestor, Ancestor Identity


You were on level 8 of the Dungeon.
You worshipped Hepliaklqana.
Hepliaklqana was aware of your devotion.
You visited 2 branches of the dungeon, and saw 10 of its levels.
You also visited: Ossuary.

You collected 446 gold pieces.

Inventory:

Hand Weapons
 a - a +0 shortbow
 m - a +0 dagger
 n - a +4 sling of electrocution (weapon)
 v - the +0 hand axe of Moderation {spect, Fly Int+3 SInv}
   (You found it on level 4 of the Dungeon)

   Int:       It affects your intelligence (+3).
   SInv:      It lets you see invisible.
   Fly:       It grants you flight.
Missiles
 h - 22 poisoned darts
Armour
 c - a +0 leather armour
 f - a +1 cloak (worn)
 k - a +2 helmet (worn)
 E - +0 steam dragon scales (worn)
Jewellery
 q - a ring of willpower (left hand)
 y - a +6 ring of dexterity (right hand)
 z - a ring of willpower
 C - a ring of wizardry
Wands
 w - a wand of roots (13)
 A - a wand of polymorph (9)
 B - a wand of paralysis (10)
 D - a wand of digging (9)
 K - a wand of flame (12)
Scrolls
 b - 4 scrolls of immolation
 d - 7 scrolls of teleportation
 l - a scroll of magic mapping
 r - a scroll of fear
 F - a scroll of amnesia
 H - a scroll of torment {unknown}
 I - a scroll of enchant weapon
 J - a scroll of identify
Potions
 e - a potion of mutation
 g - a potion of berserk rage
 i - 10 potions of curing
 j - 5 potions of attraction
 o - a potion of heal wounds
 p - 4 potions of degeneration
 s - 2 potions of flight
 t - a potion of ambrosia {unknown}
 u - 3 potions of haste {unknown}
 x - a potion of might
 G - 2 potions of cancellation {unknown}
 L - a potion of invisibility {unknown}


   Skills:
 - Level 8.0 Fighting
 + Level 12.0 Ranged Weapons
 - Level 9.0 Dodging
 - Level 1.3 Stealth
 - Level 7.0 Evocations


You had 9 spell levels left.
You didn't know any spells.
Your spell library contained the following spells:

 Spells                   Type           Power      Damage    Failure   Level
 Beastly Appendage        Tmut           0%         N/A       54%         1
 Ensorcelled Hibernation  Hex/Ice        0%         N/A       67%         2
 Passwall                 Tmut/Erth      0%         N/A       67%         2
 Scorch                   Fire           0%         2d5       67%         2
 Wereblood                Tmut           0%         N/A       67%         2
 Gell's Gravitas          Tloc           0%         N/A       87%         3
 Spider Form              Tmut/Pois      0%         N/A       87%         3
 Swiftness                Air            0%         N/A       87%         3
 Teleport Other           Tloc           0%         N/A       87%         3
 Flame Wave               Conj/Fire      0%         2d4       99%         4
 Dispersal                Tloc           0%         N/A       100%        6
 Summon Cactus Giant      Summ           0%         N/A       100%        6


Dungeon Overview and Level Annotations

Branches:
Dungeon (9/15)             Temple (1/1) D:6         Ossuary (visited)
   Lair: D:8-11         Orc: D:9-12

Altars:
Ashenzari
Cheibriados
Dithmenos
Elyvilon
Fedhas
Hepliaklqana
Kikubaaqudgha
Makhleb
Nemelex Xobeh
Okawaru
Qazlal
Ru
Sif Muna
Trog
Uskayaw
Vehumet
Wu Jian
Xom
Yredelemnul
Zin
The Shining One

Shops:
D:2 (


Innate Abilities, Weirdness & Mutations

Your life essence is reduced to manifest your ancestor. (-10% HP)
You are small and have problems with some larger weapons.
You are completely attuned to the shadows.
You have a somewhat thin skeletal structure. (Dex +2, Stealth+)
Your spells are harder to cast, but more powerful.


Message History

You kill the gnoll!
You shoot a sling bullet.
The sling bullet barely misses the vampire.
You hear a howl!
You shoot a sling bullet. The sling bullet hits the vampire!
The vampire is moderately damaged.
The vampire hits you! The vampire misses you.
You shoot a sling bullet. The sling bullet hits the vampire.
The vampire is heavily damaged.
The vampire draws life force from you!
The vampire is healed by the life force!
You shoot a sling bullet.
The sling bullet hits the vampire but does no damage.
The vampire is moderately damaged.
The vampire completely misses you. The vampire closely misses you.
You shoot a sling bullet. The sling bullet hits the vampire.
The vampire is moderately damaged.
A wolf comes into view.
The vampire closely misses you. The vampire bites you!
* * * LOW HITPOINT WARNING * * *
The vampire draws strength from your injuries!
You shoot a sling bullet. The sling bullet hits the vampire.
The vampire is lightly damaged.
The vampire hits you.
* * * LOW HITPOINT WARNING * * *
The vampire barely misses you. The vampire attacks as you move away!
The vampire barely misses you. The vampire completely misses you.
The wolf completely misses you. The wolf bites you.
* * * LOW HITPOINT WARNING * * *
There is a stone staircase leading up here.
The wolf bites you but does no damage. The vampire completely misses you.
The vampire misses you.
You climb upwards.
There is a stone staircase leading down here.
As you read the scroll of teleportation, it crumbles to dust.
You feel strangely unstable. The wolf bites you!
* * * LOW HITPOINT WARNING * * *
The vampire closely misses you. x2; The wolf bites you!
You die...

#######?# #.# ...[....# #.#
####### ######### #.# #...... #.#
#.##### #.# #.# # #.# #.# # ##.##
#.# # ###V..# ##.## # ##.#.@.####
##.#.## #
#########.#..h....####.###.#
####........###..........###### #
...........## ##..........#...###
#.#######.#.###...#.#.###...⌠....
#.# #.##.#R...#.#.#####...### #.#
#.###.#####.#.....##### # #.# #.#
### #.#..####.# #.# #.# #.#..#
#.# ###


You could see a vampire and a wolf.

Vanquished Creatures
  A wyvern (D:5)
  5 yaks (D:8)
  A wraith (Ossuary)
  Eustachio (D:5)
  2 vampire mosquitoes (D:8)
  A steam dragon (D:8)
  A water moccasin (D:5)
  An orc warrior (D:7)
  3 ogres
  4 phantoms
  A kobold brigand (D:8)
  A gnoll sergeant (D:9)
  A necrophage (D:6)
  A bullfrog (D:7)
  2 scorpions (D:5)
  3 wights (D:8)
  3 howler monkeys (D:8)
  3 hounds
  A jelly (D:6)
  2 orc priests
  A gnoll bouda (D:7)
  3 iguanas
  9 orc wizards
  A mummy (Ossuary)
  8 gnolls
  5 adders
  A shadow imp (D:6)
  2 white imps
  An ufetubus (D:5)
  A worm (D:3)
  3 dart slugs
  25 orcs
  8 ball pythons
  9 endoplasms
  4 giant cockroaches
  8 goblins
  7 hobgoblins
  4 jackals (D:3)
  2 quokkas
  2 bats (D:1)
  6 frilled lizards
  4 gnoll skeletons (Ossuary)
  12 kobolds
  6 kobold skeletons (Ossuary)
  15 orc skeletons (Ossuary)
  3 rats
188 creatures vanquished.

Vanquished Creatures (others)
  2 ancestors
  4 plants (D:1)
6 creatures vanquished.

Grand Total: 194 creatures vanquished

Notes
Turn   | Place    | Note
-------+----------+-------------------------------------------
     0 | D:1      | Newt the Kobold Hunter began the quest for the Orb.
     0 | D:1      | Reached XP level 1. HP: 12/12 MP: 1/1
   236 | D:1      | Reached XP level 2. HP: 18/18 MP: 2/2
  1022 | D:2      | Reached XP level 3. HP: 21/24 MP: 3/3
  1103 | D:2      | Reached XP level 4. HP: 29/30 MP: 4/4
  1361 | D:2      | Found Vycseaw's Antique Weapon Boutique.
  1783 | D:3      | Found a faded altar of an unknown god.
  1852 | D:3      | Reached skill level 5 in Fighting
  1996 | D:3      | Found a blossoming altar of Fedhas.
  2773 | D:3      | Reached XP level 5. HP: 18/35 MP: 5/5
  2787 | D:3      | Reached skill level 6 in Ranged Weapons
  2885 | D:4      | Found a sand-covered staircase.
  2890 | Ossuary  | Entered an ossuary
  3084 | Ossuary  | Noticed a wraith
  3127 | Ossuary  | Noticed a wraith
  3151 | Ossuary  | Killed a wraith
  3152 | Ossuary  | Reached skill level 8 in Ranged Weapons
  3152 | Ossuary  | Reached XP level 6. HP: 16/40 MP: 6/6
  3482 | D:4      | Identified the +0 hand axe of Moderation {spect, Fly Int+3
                  | SInv}
  3517 | D:4      | Reached skill level 9 in Ranged Weapons
  3517 | D:4      | Reached XP level 7. HP: 44/44 MP: 7/7
  3759 | D:4      | Found a bloodstained altar of Trog.
  3912 | D:5      | Entered Level 5 of the Dungeon
  4078 | D:5      | Gained mutation: Your spells are a little harder to cast,
                  | but a little more powerful. [potion of mutation]
  4078 | D:5      | Gained mutation: You have a somewhat thin skeletal
                  | structure. (Dex +2, Stealth+) [potion of mutation]
  4078 | D:5      | Gained mutation: Your spells are harder to cast, but more
                  | powerful. [potion of mutation]
  4152 | D:5      | Reached skill level 5 in Dodging
  4171 | D:5      | Noticed Eustachio
  4188 | D:5      | Killed Eustachio
  4189 | D:5      | Reached XP level 8. HP: 49/49 MP: 8/8
  4979 | D:6      | Noticed a wyvern
  4990 | D:5      | Killed a wyvern
  4991 | D:5      | Reached XP level 9. HP: 32/55 MP: 9/9
  5331 | D:6      | Found a staircase to the Ecumenical Temple.
  6079 | Temple   | Entered the Ecumenical Temple
  6340 | Temple   | Became a worshipper of Hepliaklqana the Forgotten
  6536 | D:7      | Reached skill level 1 in Evocations
  7336 | D:7      | You fall into a shaft and drop 2 floors!
  7377 | D:8      | Reached skill level 5 in Evocations
  7528 | D:8      | Found a white marble altar of Elyvilon.
  7567 | D:8      | Reached * piety under Hepliaklqana
  7861 | D:8      | Reached XP level 10. HP: 57/57 MP: 10/10
  7874 | D:8      | Reached skill level 10 in Ranged Weapons
  7880 | D:8      | Reached skill level 11 in Ranged Weapons
  8444 | D:9      | Reached skill level 12 in Ranged Weapons
  8461 | D:8      | Mangled by a wolf

Illustrated notes

Levels and vault maps discovered:
D:1:      psy_arrival_dodecagon, layout_loops_ring, serial_forest,
          infiniplex_forest_clump_medium, infiniplex_forest_straight_4,
          infiniplex_forest_clump_C, infiniplex_forest_clump_double,
          infiniplex_forest_corner_2, infiniplex_forest_pool,
          infiniplex_forest_end_2
D:2:      layout_loops_cross, serial_shops, shop
D:3:      layout_basic, mainiacjoe_overflow_boulevard,
          hellmonk_ecumenical_altar_dog_temple
D:4:      layout_cave_pools, nicolae_overflow_hidden_temple,
          nicolae_ossuary_entry_ruins
D:5:      layout_loops_cross, uniq_eustachio
D:6:      layout_cave_pools, temple_statues
D:7:      layout_gridville, small_statue_intersection, st_stairs_9
D:8:      layout_loops_ring, elyvilon_altar_1
D:9:      layout_rooms, gammafunk_ghost_icy, serial_ice, serial_ice_n,
          serial_ice_e, serial_ice_l, serial_ice_d, serial_ice_o, serial_ice_f,
          minmay_statue_bubble
Temple:   regret_index_temple_mists

Skill      XL: |  1  2  3  4  5  6  7  8  9 10 |
---------------+-------------------------------+-----
Fighting       | 3 4 5 6 8 |  8.0
Ranged Weapons | 8 9 12 | 12.0
Dodging        | 6 9 |  9.0
Evocations     | 7 |  7.0
Stealth        | |  1.3

Action                     |  1- 3 |  4- 6 |  7- 9 | 10-12 || total
---------------------------+-------+-------+-------+-------++-------
  Melee: Unarmed           |       |       |     8 |       ||     8
   Fire: Shortbow          |    64 |    27 |       |       ||    91
         Sling             |       |   167 |   290 |    61 ||   518
    Use: Scroll            |     4 |     9 |     8 |     1 ||    22
         Potion            |       |     1 |     1 |       ||     2
   Stab: Confused          |       |       |     2 |       ||     2
 Armour: Leather armour    |     6 |    49 |    35 |       ||    90
         Steam dragon scal |       |       |       |     2 ||     2
  Dodge: Dodged            |    29 |   108 |   149 |    28 ||   314

Table legend: (Time is in decaauts)
 A = Elapsed time spent in this place.
 B = Non-inter-level travel time spent in this place.
 C = Inter-level travel time spent in this place.
 D = Time resting spent in this place.
 E = Time spent auto-exploring this place.
 F = Levels seen in this place.
 G = Mean time per level.
                   A        B        C        D        E       F      G
               +--------+--------+--------+--------+--------+-----+--------+
         Total |   8606 |   8334 |    272 |    964 |   6278 |  11 |  782.4 |
       Dungeon |   7721 |   7530 |    191 |    763 |   5819 |   9 |  857.9 |
        Temple |    375 |    295 |     80 |      0 |    275 |   1 |  375.0 |
       Ossuary |    509 |    509 |      0 |    201 |    184 |   1 |  509.0 |
               +--------+--------+--------+--------+--------+-----+--------+

Top non-repeatable levels by time:
     D:5: 1330 daAuts
     D:3: 1101 daAuts
     D:7: 1061 daAuts
     D:2: 1041 daAuts
     D:6: 856 daAuts
     D:8: 814 daAuts
     D:1: 757 daAuts
     D:4: 564 daAuts
 Ossuary: 509 daAuts
  Temple: 375 daAuts
     D:9: 194 daAuts
